 Dungeon Crawl Stone Soup version 0.29-a0-1009-g60c99734e7 (webtiles) character file.

Game seed: 434997496667893958

53 nickcage the Firebug (level 3, -3/19 HPs)
             Began as a Tengu Fire Elementalist on Aug 8, 2022.
             Slain by a goblin
             ... wielding a +0 club
             ... led by Robin
              (5 damage)
             ... on level 2 of the Dungeon.
             The game lasted 00:04:11 (1527 turns).

nickcage the Firebug (Tengu Fire Elementalist)      Turns: 1527, Time: 00:04:12

Health: -3/19      AC:  2    Str:  8    XL:     3   Next: 87%
Magic:  2/8        EV: 12    Int: 17    God:
Gold:   77         SH:  0    Dex: 14    Spells: 4/7 levels left

rFire   . . .      SeeInvis .   g - +0 rapier
rCold   . . .      Faith    .   (no shield)
rNeg    . . .      Spirit   .   a - +0 robe
rPois   .          Reflect  .   (helmet restricted)
rElec   .          Harm     .   (no cloak)
rCorr   .          Rampage  .   (no gloves)
Will    .....                   (boots unavailable)
Stlth   ++........              (no amulet)
HPRegen 0.06/turn               (no ring)
MPRegen 0.11/turn               (no ring)

@: very slightly contaminated
A: beak, talons 3
a: no special abilities


You were on level 2 of the Dungeon.
You visited 1 branch of the dungeon, and saw 2 of its levels.

You collected 77 gold pieces.

Inventory:

Hand Weapons
 d - a +0 short sword
 g - a +0 rapier (weapon)
Armour
 a - a +0 robe (worn)
 k - a +0 buckler
Scrolls
 e - 2 scrolls of noise {unknown}
 f - a scroll of identify {unknown}
 i - a scroll of enchant armour {unknown}
 l - a scroll of immolation {unknown}
Potions
 b - a potion of magic
 c - a potion of heal wounds {unknown}
 h - 2 potions of lignification {unknown}
 j - a potion of curing {unknown}


   Skills:
 - Level 2.2 Dodging
 - Level 2.0 Stealth
 + Level 2.8 Spellcasting
 - Level 2.0 Conjurations
 + Level 4.3 Fire Magic


You had 4 spell levels left.
You knew the following spells:

 Your Spells              Type           Power      Damage    Failure   Level
a - Foxfire               Conj/Fire      52%        2x1d6     4%          1
b - Scorch                Fire           34%        2d6       4%          2

Your spell library contained the following spells:

 Spells                   Type           Power      Damage    Failure   Level
 Conjure Flame            Conj/Fire      13%        6-21      14%         3
 Inner Flame              Hex/Fire       9%         N/A       22%         3
 Flame Wave               Conj/Fire      13%        2d6       43%         4


Dungeon Overview and Level Annotations

Branches:
Dungeon (2/15)

Altars:

Annotations:
D:2 Robin


Innate Abilities, Weirdness & Mutations

You have a beak for a mouth.
You have claws for feet.


Message History

The hobgoblin is heavily wounded.
The foxfire hits the hobgoblin.
You kill the hobgoblin!
The goblin misses you.
You closely miss the goblin.
The goblin is moderately wounded.
The goblin hits you with a +0 club. The goblin hits you with a +0 club.
A goblin comes into view. It is wielding a +0 dagger.
You are too injured to fight recklessly!
Casting: Foxfire (safe; 4% risk of failure)
Press: ? - help, Q - select action, (/) - cycle Dir - look around, f - activate You miscast Foxfire.
You are very lightly contaminated with residual magic.
Nothing appears to happen.
The goblin shouts!
The goblin hits you with a +0 club.
Robin roars a battlecry!
The goblin goes into a battle-frenzy!
Casting: Foxfire (safe; 4% risk of failure)
Press: ? - help, Q - select action, (/) - cycle Dir - look around, f - activate You conjure some foxfire!
A goblin comes into view. It is wielding a +0 club.
The goblin hits you with a +0 club.
* * * LOW HITPOINT WARNING * * *
Your foxfire dissipates!
The foxfire hits Robin.
Robin is lightly wounded.
Robin throws the goblin at you! The goblin hits you with a +0 club.
* * * LOW HITPOINT WARNING * * *
You closely miss the goblin. You claw the goblin.
The goblin is moderately wounded.
The goblin completely misses you. The goblin barely misses you.
Robin roars a battlecry!
The goblin goes into a battle-frenzy!
You hit the goblin.
You kill the goblin!
The goblin hits you with a +0 club.
You die...

# #. g. #...#...#
#(#.###.# # ##..#.###
#.#.#g). .# #....#
#......##.# #.########
#.#...g.## #........#
#..g.....###÷.#####.##
#.g...........#####...
##gg####.####.##....##
#.gg@##.# #.##.##.#
#.##)##.####....[..#
#.##.##...)))÷#.####
#.......#####.#.####
###...#.##.........#
#...#.##.#.)#.#..#
####...#.##.#..#....##
#...............#.†...#
.............#.###.....


You could see Robin, 2 hobgoblins and 2 goblins.

Vanquished Creatures
  2 adders (D:2)
  4 endoplasms
  A giant cockroach (D:2)
  6 goblins
  4 hobgoblins
  2 quokkas (D:1)
  4 ball pythons (D:1)
  A bat (D:2)
  3 frilled lizards
  4 kobolds
  4 rats
35 creatures vanquished.

Vanquished Creatures (others)
  40 foxfires
40 creatures vanquished.

Grand Total: 75 creatures vanquished

Notes
Turn   | Place    | Note
-------+----------+-------------------------------------------
     0 | D:1      | nickcage the Tengu Fire Elementalist began the quest for
                  | the Orb.
     0 | D:1      | Reached XP level 1. HP: 10/10 MP: 4/4
   480 | D:1      | Reached XP level 2. HP: 15/15 MP: 4/6
   483 | D:1      | Learned a level 2 spell: Scorch
   843 | D:1      | Found a faded altar of an unknown god.
  1178 | D:2      | Reached XP level 3. HP: 17/19 MP: 2/7
  1262 | D:2      | Reached skill level 4 in Fire Magic
  1515 | D:2      | Noticed Robin
  1527 | D:2      | Slain by a goblin

Illustrated notes

Levels and vault maps discovered:
D:1:      minmay_arrival_solitary_statue, layout_loops_corners,
          hellmonk_ecumenical_altar_inner_sanctum
D:2:      layout_loops_cross, uniq_robin

Skill      XL: |  1  2  3 |
---------------+----------+-----
Fire Magic     | 4 |  4.3
Conjurations   | 2 |  2.0
Dodging        | |  2.2
Stealth        | |  2.0
Spellcasting   | |  2.8

Action                   || total
-------------------------++-------
Melee: Peck              ||     2
       Kick              ||     3
       Short sword       ||     1
       Unarmed           ||     1
       Rapier            ||    20
 Cast: Foxfire           ||    23
       Scorch            ||    14
Armor: Robe              ||     7
Dodge: Dodged            ||    16

Table legend: (Time is in decaauts)
 A = Elapsed time spent in this place.
 B = Non-inter-level travel time spent in this place.
 C = Inter-level travel time spent in this place.
 D = Time resting spent in this place.
 E = Time spent auto-exploring this place.
 F = Levels seen in this place.
 G = Mean time per level.
                   A        B        C        D        E       F      G
               +--------+--------+--------+--------+--------+-----+--------+
         Total |   1529 |   1516 |     13 |      0 |   1320 |   2 |  764.5 |
       Dungeon |   1529 |   1516 |     13 |      0 |   1320 |   2 |  764.5 |
               +--------+--------+--------+--------+--------+-----+--------+

Top non-repeatable levels by time:
     D:1: 1080 daAuts
     D:2: 449 daAuts
